 Dungeon Crawl Stone Soup version 0.29.1-12-g30fa7ad0bf (webtiles) character file.

Game seed: 6274259396599484980

6228 mopl the Covert (level 11, -3/102 HPs)
             Began as a Formicid Enchanter on Jan 16, 2023.
             Was a Priest of Dithmenos.
             Slain by a death yak (19 damage)
             ... on level 9 of the Dungeon.
             The game lasted 00:18:36 (8153 turns).

mopl the Covert (Formicid Enchanter)                Turns: 8153, Time: 00:18:37

Health: -3/102     AC: 25    Str: 12    XL:     11   Next: 14%
Magic:  19/21      EV:  2    Int: 20    God:    Dithmenos [***...]
Gold:   510        SH:  0    Dex: 14    Spells: 12/23 levels left

rFire   . . .      SeeInvis .   a - +1 dagger (venom)
rCold   + . .      Faith    .   (no shield)
rNeg    . . .      Spirit   .   (body armour currently unavailable)
rPois   +          Reflect  .   (helmet unavailable)
rElec   .          Harm     .   (cloak currently unavailable)
rCorr   .          Rampage  .   (gloves currently unavailable)
Will    +....                   (boots currently unavailable)
Stlth   ++++++....              k - amulet of regeneration
HPRegen 1.07/turn               q - +4 ring of evasion
MPRegen 0.17/turn               B - ring of protection from cold

@: tree-form, wreathed by umbra
A: stationary, stasis, torment immunity, boosted hp, permanent stasis, dig
shafts and tunnels, (antennae 3), four strong arms
a: Renounce Religion, Shadow Step


You were on level 9 of the Dungeon.
You worshipped Dithmenos.
Dithmenos was most pleased with you.
You were a tree.
You visited 2 branches of the dungeon, and saw 10 of its levels.

You collected 529 gold pieces.
You spent 19 gold pieces at shops.

Inventory:

Hand Weapons
 a - a +1 dagger of venom (weapon)
 b - a +0 rapier
 E - a +2 vampiric short sword
 I - a +0 vorpal long sword
Missiles
 g - 22 boomerangs
 j - 25 poisoned darts
Armour
 i - a +0 pair of boots (melded)
 m - a +0 robe (melded)
 p - a +2 pair of gloves (melded)
 y - a +0 tower shield
 Q - +0 acid dragon scales
Jewellery
 k - an amulet of regeneration (around neck)
 q - a +4 ring of evasion (left branch)
 B - a ring of protection from cold (right branch)
 J - a +6 ring of strength
 M - a ring of resist corrosion
 P - a ring of positive energy
Wands
 G - a wand of flame (10)
Scrolls
 d - a scroll of magic mapping {unknown}
 h - a scroll of butterflies {unknown}
 n - a scroll of enchant armour {unknown}
 s - 2 scrolls of silence {unknown}
 t - a scroll of torment {unknown}
 v - 3 scrolls of amnesia {unknown}
 w - 3 scrolls of enchant weapon {unknown}
 x - 3 scrolls of fear {unknown}
 C - 2 scrolls of teleportation {unknown}
 K - a scroll of blinking {unknown}
 L - a scroll of poison {unknown}
 N - a scroll of vulnerability {unknown}
 O - a scroll of summoning
 R - a scroll of brand weapon
Potions
 c - 3 potions of invisibility
 e - a potion of heal wounds
 f - 7 potions of curing {unknown}
 l - a potion of ambrosia
 o - 2 potions of resistance
 r - a potion of magic
 u - 2 potions of flight
 z - a potion of lignification {!q}
 A - 2 potions of might
 D - 2 potions of brilliance
 F - a potion of cancellation
 H - a potion of mutation {!q}


   Skills:
 + Level 6.3 Short Blades
 - Level 1.7 Dodging
 + Level 9.4 Stealth
 + Level 6.2 Shields
 + Level 6.9 Spellcasting
 - Level 3.0 Conjurations
 + Level 8.8 Hexes
 - Level 4.0 Ice Magic
 + Level 7.0 Invocations


You had 12 spell levels left.
You knew the following spells:

 Your Spells              Type           Power      Damage    Failure   Level
a - Confusing Touch       Hex            42%        N/A       1%          3
b - Ensorcelled Hibernat  Hex/Ice        64%        N/A       1%          2
c - Dazzling Flash        Conj/Hex       60%        N/A       2%          3
d - Tukima's Dance        Hex            42%        N/A       1%          3

Your spell library contained the following spells:

 Spells                   Type           Power      Damage    Failure   Level
 Beastly Appendage        Tmut           12%        N/A       10%         1
 Scorch                   Fire           12%        2d6       14%         2
 Wereblood                Tmut           6%         N/A       14%         2
 Gell's Gravitas          Tloc           6%         N/A       28%         3
 Lesser Beckoning         Tloc           6%         N/A       28%         3
 Spider Form              Tmut/Pois      6%         N/A       28%         3
 Teleport Other           Tloc           6%         N/A       28%         3
 Freezing Cloud           Conj/Ice/Air   8%         6-21      71%         5
 Simulacrum               Ice/Necr       7%         N/A       100%        6
 Polar Vortex             Ice            11%        N/A       100%        9


Dungeon Overview and Level Annotations

Branches:
Dungeon (9/15)             Temple (1/1) D:4            Lair (0/5) D:9
    Orc: D:9-12

Altars:
Ashenzari
Cheibriados
Dithmenos
Elyvilon
Fedhas
Gozag
Hepliaklqana
Kikubaaqudgha
Makhleb
Nemelex Xobeh
Okawaru
Qazlal
Ru
Sif Muna
Trog
Uskayaw
Vehumet
Wu Jian
Xom
Yredelemnul
Zin
The Shining One

Shops:
D:2 [   D:9 (:=

Annotations:
D:3 2 transporters, Yolobob's ghost, amateur KoBr


Innate Abilities, Weirdness & Mutations

You are a tree.
Your roots penetrate the ground, keeping you stationary.
You cannot be teleported.
You are immune to unholy pain and torment.
Your maximum health is greatly increased.
Your equipment is partially melded.
You cannot be hasted, slowed, berserked, paralysed or teleported.
You can dig through walls and to a lower floor.
((You have a pair of large antennae on your head. (SInv)))
Your four strong arms can wield two-handed weapons with a shield.


Message History

Confirm with . or Enter, or press ? or * to list all spells.
Your hands begin to glow red.
The death yak gores you.
* * * LOW HITPOINT WARNING * * *
Unknown command.
You hit the death yak but do no damage.
The death yak is moderately wounded.
The death yak gores you.
* * * LOW HITPOINT WARNING * * *
The death yak attacks as you move away! The death yak completely misses you.
You see here 5 stones.
You hit the death yak but do no damage.
The death yak is moderately wounded.
The death yak gores you!!
* * * LOW HITPOINT WARNING * * *
You feel much better. The death yak completely misses you.
You hit the death yak but do no damage.
The death yak is moderately wounded.
You completely miss the death yak.
The death yak is moderately wounded.
The death yak gores you!
* * * LOW HITPOINT WARNING * * *
You hit the death yak but do no damage.
The death yak is moderately wounded.
The death yak closely misses you.
You hit the death yak but do no damage.
The death yak is moderately wounded.
You hit the death yak but do no damage.
The death yak is moderately wounded.
The death yak gores you!
* * * LOW HITPOINT WARNING * * *
Your hands stop glowing.
Okay, then.
Really quaff
z - 2 potions of lignification {!q}?
Really quaff the potion of lignification?
You turn into a tree.
Your +2 pair of gloves melds into your body.
Your +0 pair of boots melds into your body.
Your +0 robe melds into your body.
Your roots penetrate the ground.
The death yak gores you!!
You die...

...##..........##....#
...##..#.......##.##.#
...##(.#.......##.##.#######
...##.(#.......##..#.......#
#####..........###..<#####.#
#####...(......# #########.#
....[........### #.......#.#
...........#.#####.#####.#.#
.........#.#.(.Y♣).#####.#.#
.........#.##########....#.#
#.#####..#....# #)####.#
..#.!....####.# #.#.##.#
###.####....#.# #.#....#
..#.#######.#.# #.#.####
#.......^.....# #.#.#
#.#########.### #.#.#
#.........#.# #!..#


You could see a death yak (very poisoned).

Vanquished Creatures
  A two-headed ogre (D:8)
  2 death yaks
  Pikel (D:8)
  Joseph (D:7)
  Psyche (D:8)
  A hornet (D:9)
  4 yaks
  2 steam dragons
  An acid dragon (D:9)
  Duvessa (D:5)
  A water moccasin (D:7)
  2 orc warriors (D:9)
  An ice beast (D:6)
  An ogre (D:6)
  A centaur (D:9)
  A lemure (D:8)
  2 kobold brigands
  A bullfrog (D:6)
  A scorpion (D:6)
  A wight (D:6)
  5 killer bees (D:8)
  Dowan (D:5)
  3 howler monkeys
  A jelly (D:7)
  A gnoll bouda (D:9)
  3 orc priests
  3 hounds
  3 iguanas (D:5)
  10 orc wizards
  5 gnolls
  5 adders
  5 white imps
  An ufetubus (D:6)
  A worm (D:5)
  2 dart slugs (D:1)
  24 orcs
  7 ball pythons
  3 endoplasms
  6 hobgoblins
  14 kobolds
  2 quokkas (D:5)
  4 bats
  3 frilled lizards
  6 goblins
  4 rats
149 creatures vanquished.

Vanquished Creatures (collateral kills)
  4 wights
  2 gnolls (D:5)
  2 kobolds (D:8)
8 creatures vanquished.

Vanquished Creatures (others)
  3 dancing weapons
  A kobold (D:8)
  A bat (D:1)
5 creatures vanquished.

Grand Total: 162 creatures vanquished

Notes
Turn   | Place    | Note
-------+----------+-------------------------------------------
     0 | D:1      | mopl the Formicid Enchanter began the quest for the Orb.
     0 | D:1      | Reached XP level 1. HP: 13/13 MP: 3/3
   113 | D:1      | Reached XP level 2. HP: 3/19 MP: 5/5
   339 | D:1      | Learned a level 2 spell: Ensorcelled Hibernation
   771 | D:1      | Reached skill level 4 in Stealth
   822 | D:1      | Reached skill level 4 in Hexes
  1199 | D:2      | Found Xyigisoq's Armour Emporium.
  1222 | D:2      | Found a faded altar of an unknown god.
  1443 | D:2      | Reached XP level 3. HP: 24/24 MP: 6/6
  1447 | D:2      | Learned a level 3 spell: Confusing Touch
  1594 | D:3      | Found a transporter.
  1611 | D:3      | Noticed Yolobob's ghost (amateur KoBr)
  1611 | D:3      | Noticed an ogre
  1615 | D:3      | Noticed an ogre
  1619 | D:3      | Noticed an ogre
  1629 | D:3      | Found a transporter.
  1812 | D:2      | Reached skill level 1 in Ice Magic
  1861 | D:2      | Reached XP level 4. HP: 30/30 MP: 5/8
  1892 | D:2      | Learned a level 3 spell: Tukima's Dance
  1932 | D:3      | Reached skill level 3 in Spellcasting
  2013 | D:3      | Reached XP level 5. HP: 35/35 MP: 6/9
  2431 | D:4      | Found a staircase to the Ecumenical Temple.
  2476 | D:3      | Reached skill level 2 in Short Blades
  2476 | D:3      | Reached skill level 2 in Ice Magic
  2612 | D:4      | Reached skill level 5 in Stealth
  2612 | D:4      | Reached XP level 6. HP: 41/41 MP: 7/11
  2626 | D:4      | Learned a level 3 spell: Dazzling Flash
  2641 | Temple   | Entered the Ecumenical Temple
  2891 | D:4      | Found a shadowy altar of Dithmenos.
  2897 | D:4      | Became a worshipper of Dithmenos the Shadowed
  2909 | D:4      | Found a hazy altar of Hepliaklqana.
  3059 | D:4      | Reached skill level 5 in Hexes
  3178 | D:4      | Found an ancient bone altar of Kikubaaqudgha.
  3371 | D:4      | Reached skill level 1 in Invocations
  3621 | D:4      | Found a hide-covered altar of Uskayaw.
  3647 | D:4      | Found a stormy altar of Qazlal.
  3771 | D:5      | Entered Level 5 of the Dungeon
  3845 | D:5      | Reached XP level 7. HP: 37/46 MP: 12/12
  3884 | D:5      | Noticed Duvessa
  3884 | D:5      | Noticed Dowan
  3912 | D:5      | Killed Duvessa
  3913 | D:5      | Reached skill level 1 in Conjurations
  3916 | D:5      | Killed Dowan
  3955 | D:5      | Reached skill level 2 in Invocations
  4056 | D:5      | Reached * piety under Dithmenos
  4060 | D:5      | Reached skill level 4 in Spellcasting
  4159 | D:5      | Reached skill level 3 in Short Blades
  4159 | D:5      | Reached skill level 3 in Ice Magic
  4325 | D:6      | Reached XP level 8. HP: 52/52 MP: 11/14
  4559 | D:6      | Reached skill level 6 in Stealth
  4657 | D:6      | Found a bloodstained altar of Trog.
  4669 | D:6      | Found a shimmering blue altar of Sif Muna.
  4673 | D:6      | Got Sif Muna's Disquisition on the Inferno
  4740 | D:6      | Reached skill level 2 in Conjurations
  4746 | D:6      | Found a sparkling altar of Nemelex Xobeh.
  4789 | D:6      | Reached skill level 6 in Hexes
  4789 | D:6      | Reached skill level 3 in Invocations
  5193 | D:7      | Noticed Joseph
  5217 | D:7      | Killed Joseph
  5218 | D:7      | Reached skill level 4 in Short Blades
  5218 | D:7      | Reached skill level 7 in Stealth
  5218 | D:7      | Reached skill level 4 in Ice Magic
  5218 | D:7      | Reached XP level 9. HP: 20/57 MP: 10/16
  5346 | D:7      | Reached skill level 4 in Invocations
  5435 | D:7      | Reached skill level 3 in Conjurations
  5524 | D:6      | Reached skill level 1 in Shields
  5524 | D:6      | Reached skill level 5 in Spellcasting
  5626 | D:7      | Reached ** piety under Dithmenos
  6337 | D:8      | Noticed Pikel
  6342 | D:8      | Killed Pikel
  6343 | D:8      | Reached skill level 2 in Shields
  6343 | D:8      | Reached skill level 7 in Hexes
  6681 | D:8      | Noticed a two-headed ogre
  6695 | D:8      | Killed a two-headed ogre
  6696 | D:8      | Reached skill level 5 in Short Blades
  6696 | D:8      | Reached skill level 8 in Stealth
  6696 | D:8      | Reached skill level 4 in Shields
  6696 | D:8      | Reached skill level 5 in Invocations
  6696 | D:8      | Reached XP level 10. HP: 44/63 MP: 8/18
  6801 | D:8      | Noticed Psyche
  6810 | D:8      | Killed Psyche
  6811 | D:8      | Reached skill level 6 in Spellcasting
  7107 | D:9      | Found Foistadgh's Weapon Shoppe.
  7115 | D:9      | Bought 3 boomerangs for 19 gold pieces
  7135 | D:9      | Reached skill level 8 in Hexes
  7135 | D:9      | Reached skill level 6 in Invocations
  7172 | D:9      | Found Caeddocw's Book Boutique.
  7237 | D:9      | Reached skill level 5 in Shields
  7370 | D:9      | Found a staircase to the Lair.
  7371 | D:9      | Noticed a death yak
  7373 | D:9      | Noticed a death yak
  7373 | D:9      | Noticed a death yak
  7691 | D:9      | Reached *** piety under Dithmenos
  7770 | D:9      | Killed a death yak
  7771 | D:9      | Reached skill level 6 in Short Blades
  7771 | D:9      | Reached skill level 9 in Stealth
  7841 | D:9      | Found Dirregga's Jewellery Boutique.
  7920 | D:8      | Killed a death yak
  7921 | D:8      | Reached skill level 6 in Shields
  7921 | D:8      | Reached XP level 11. HP: 14/68 MP: 16/21
  8084 | D:9      | HP: 3/68 [death yak (4)]
  8095 | D:9      | Reached skill level 7 in Invocations
  8144 | D:9      | HP: 1/68 [death yak (19)]
  8153 | D:9      | Slain by a death yak

Illustrated notes

Levels and vault maps discovered:
D:1:      sevenhm_arrival_forest_fort_small_5, layout_basic, st_stairs_3
D:2:      layout_basic, hellmonk_ecumenical_altar_run_dry, serial_shops, shop
D:3:      layout_basic, gammafunk_ghost_smash, nicolae_eternal_life
D:4:      layout_basic, mainiacjoe_overflow_alcove_1,
          nicolae_overflow_quartered_altars, minmay_temple_entry_tees
D:5:      layout_rooms, uniq_duvessa
D:6:      layout_loops_ring, nzn_overflow_gifts_of_might_and_magic,
          nemelex_diamond_rough_becter
D:7:      wad_pebble_path, layout_loops_corners, corexii_leaking_fountain,
          uniq_joseph
D:8:      layout_loops_corners, nicolae_figureground_sparkle, uniq_psyche,
          uniq_pikel
D:9:      layout_basic, dpeg_lair_monsters, serial_shops,
          nicolae_lakefront_shop, nicolae_shop_bloodbath_and_beyond,
          nicolae_shop_competitors_out_of_business, nrook_pool_corridor
Temple:   eino_temple_lava

Skill      XL: |  1  2  3  4  5  6  7  8  9 10 11 |
---------------+----------------------------------+-----
Stealth        | 4 5 7 8 9 |  9.4
Hexes          | 4 5 6 7 8 |  8.8
Ice Magic      | 1 2 3 4 |  4.0
Spellcasting   | 3 4 5 6 |  6.9
Short Blades   | 2 3 4 5 6 |  6.3
Invocations    | 1 2 3 5 6 7 |  7.0
Conjurations   | 1 2 3 |  3.0
Shields        | 4 6 |  6.2
Dodging        | |  1.7

Action                   |  1- 3 |  4- 6 |  7- 9 | 10-12 || total
-------------------------+-------+-------+-------+-------++-------
Melee: Dagger            |   102 |   107 |   206 |   138 ||   553
       Punch             |       |     1 |     4 |     2 ||     7
Throw: Dart              |       |       |       |     4 ||     4
 Cast: Ensorcelled Hiber |     9 |    25 |    24 |    32 ||    90
       Tukima's Dance    |       |       |    13 |       ||    13
       Dazzling Flash    |       |       |     4 |     2 ||     6
       Confusing Touch   |       |       |     2 |     5 ||     7
 Abil: Dig               |     2 |       |       |       ||     2
  Use: Potion            |       |     1 |     2 |     3 ||     6
       Scroll            |       |       |    12 |     4 ||    16
 Stab: Sleeping          |     6 |    21 |    22 |    24 ||    73
       Distracted        |       |     1 |       |       ||     1
       Invisible         |       |       |     3 |       ||     3
       Confused          |       |       |     1 |     3 ||     4
Armor: Robe              |    24 |    46 |    23 |    13 ||   106
Dodge: Dodged            |    67 |   124 |   158 |   108 ||   457
